 Dungeon Crawl Stone Soup version 0.29-a0-284-gf9362112df (webtiles) character file.

Game seed: 10762606714058198879

86 NotOkHand the Cudgeller (level 4, 0/34 HPs)
             Began as a Demonspawn Gladiator on Mar 18, 2022.
             Was a Believer of Sif Muna.
             Slain by a hound (2 damage)
             ... on level 3 of the Dungeon.
             The game lasted 00:17:02 (1498 turns).

NotOkHand the Cudgeller (Demonspawn Gladiator)      Turns: 1498, Time: 00:17:02

Health: 0/34       AC:  7    Str: 16    XL:     4   Next: 26%
Magic:  4/4        EV:  8    Int: 12    God:    Sif Muna [**....]
Gold:   151        SH:  0    Dex: 14    Spells: 3/3 levels left

rFire   . . .      SeeInvis .   a - +0 flail
rCold   . . .      Faith    .   (no shield)
rNeg    . . .      Spirit   .   h - +0 ring mail
rPois   .          Reflect  .   c - +0 helmet
rElec   .          Harm     .   (no cloak)
rCorr   .          Rampage  .   j - +0 pair of gloves
Will    .....                   (no boots)
Stlth   +.........              (no amulet)
HPRegen 0.11/turn               (no ring)
MPRegen 0.09/turn               (no ring)

@: attractive, constricted
A: ignite blood 1, big brain 1
a: Renounce Religion, Channel Magic


You were on level 3 of the Dungeon.
You worshipped Sif Muna.
Sif Muna was pleased with you.
You visited 1 branch of the dungeon, and saw 3 of its levels.

You collected 151 gold pieces.

Inventory:

Hand Weapons
 a - a +0 flail (weapon)
Missiles
 d - 3 throwing nets (quivered)
 e - 7 javelins
Armour
 b - a +0 leather armour
 c - a +0 helmet (worn)
 h - a +0 ring mail (worn)
 j - a +0 pair of gloves (worn)
Potions
 f - a potion of degeneration {unknown}
 i - a potion of flight {unknown}
 k - 2 potions of cancellation {unknown}


   Skills:
 + Level 2.4 Fighting
 + Level 3.8 Maces & Flails
 + Level 1.8 Throwing
 + Level 1.1 Armour
 + Level 3.0 Dodging
 + Level 0.3 Stealth


You had 3 spell levels left.
You didn't know any spells.
Your spell library contained the following spells:

 Spells                   Type           Power      Damage    Failure   Level
 Frozen Ramparts          Ice            0%         1d2       88%         3
 Ice Form                 Ice/Tmut       0%         N/A       99%         4
 Summon Ice Beast         Ice/Summ       0%         N/A       99%         4


Dungeon Overview and Level Annotations

Branches:
Dungeon (3/15)

Altars:
Sif Muna

Shops:
D:2 (*


Innate Abilities, Weirdness & Mutations

Your demonic aura sometimes causes spilled blood to erupt in flames.
You have an unusually large brain. (Int +2)


Message History

You barely miss the hound.
The hound is lightly wounded.
The hound bites you but does no damage. The ball python bites you.
The ball python constricts you. The hobgoblin closely misses you.
The dart slug bites you. The hound barely misses you.
You barely miss the hound.
The hound is lightly wounded.
The ball python bites you. The ball python constricts you.
The hound closely misses you.
The hobgoblin hits you but does no damage.
The ball python closely misses you. The ball python constricts you.
It was a potion of attraction.
You feel attractive to monsters. The hound bites you.
* * * LOW HITPOINT WARNING * * *
The dart slug launches a dart at you.
The slug dart hits you but does no damage.
The hobgoblin hits you but does no damage.
The ball python bites you but does no damage.
The ball python constricts you. The hound barely misses you.
You closely miss the hound.
The hound is lightly wounded.
The hound bites you but does no damage. The ball python barely misses you.
The ball python constricts you.
* * * LOW HITPOINT WARNING * * *
The hobgoblin hits you but does no damage.
The dart slug bites you but does no damage.
The hound bites you but does no damage.
You barely miss the ball python. The ball python misses you.
The ball python constricts you. The hobgoblin hits you.
* * * LOW HITPOINT WARNING * * *
The hound barely misses you.
The dart slug bites you but does no damage.
The ball python bites you but does no damage.
The ball python constricts you.
* * * LOW HITPOINT WARNING * * *
The hobgoblin hits you.
* * * LOW HITPOINT WARNING * * *
The hound bites you.
You die...

#### ...# #.. #.### #.
#...###############
.#...#wh...............#
....Khg@...............#
....JKS#...............#
.....JB##..............#
....... #..........)....
!##.##[ #..###.#.###.###
#.. ###.... #...# #..$
... ....##.##### #####
.. ....#.. .# ....#.


You could see a hound, a dart slug, 2 endoplasms, a jackal, a giant cockroach, a
hobgoblin, a ball python and 2 kobolds.

Vanquished Creatures
  2 adders (D:2)
  A gnoll (D:1)
  A worm (D:2)
  10 endoplasms
  3 giant cockroaches
  3 goblins
  3 hobgoblins
  3 jackals (D:1)
  8 kobolds
  3 quokkas
  5 ball pythons
  3 bats (D:2)
  2 frilled lizards (D:2)
  2 rats
49 creatures vanquished.

Vanquished Creatures (others)
  3 fungi (D:1)
  5 plants (D:1)
8 creatures vanquished.

Grand Total: 57 creatures vanquished

Notes
Turn   | Place    | Note
-------+----------+-------------------------------------------
     0 | D:1      | NotOkHand the Demonspawn Gladiator began the quest for the
                  | Orb.
     0 | D:1      | Reached XP level 1. HP: 16/16 MP: 1/1
    98 | D:1      | Gained mutation: You have an unusually large brain. (Int
                  | +2) [demonic ancestry]
    98 | D:1      | Reached XP level 2. HP: 13/22 MP: 2/2
   383 | D:1      | Found a faded altar of an unknown god.
   417 | D:1      | Prayed at the altar of an unknown god.
   417 | D:1      | Became a worshipper of Sif Muna the Loreminder
   417 | D:1      | Reached * piety under Sif Muna
   470 | D:1      | Reached XP level 3. HP: 21/28 MP: 3/3
   832 | D:2      | Reached ** piety under Sif Muna
   857 | D:2      | Found Poacuh's Armour Shop.
   865 | D:2      | Gained mutation: Your demonic aura sometimes causes spilled
                  | blood to erupt in flames. [demonic ancestry]
   865 | D:2      | Reached XP level 4. HP: 25/34 MP: 4/4
   881 | D:2      | Found Bousimon's General Store.
  1012 | D:2      | Found Fiaheq's Antique Weapon Shoppe.
  1032 | D:2      | Reached skill level 1 in Armour
  1498 | D:3      | Slain by a hound

Illustrated notes

Levels and vault maps discovered:
D:1:      roderic_crossed_star, layout_loops_corners,
          shapermc_ecumenical_altar_ellora, minmay_misc_feat_rows
D:2:      layout_rooms, serial_shops, shop_statue, nicolae_shop_window_shopping,
          nicolae_shop_advertising_works [nicolae_subvault_shop_adworks]
D:3:      layout_basic, minmay_three_crescents

Skill      XL: |  1  2  3  4 |
---------------+-------------+-----
Maces & Flails | 3 |  3.8
Dodging        | 3 |  3.0
Armour         | 1 |  1.1
Fighting       | |  2.4
Throwing       | |  1.8
Stealth        | |  0.3

Action                   |  1- 3 |  4- 6 || total
-------------------------+-------+-------++-------
Melee: Flail             |   134 |    45 ||   179
       Punch             |     4 |       ||     4
  Use: Scroll            |       |     3 ||     3
       Potion            |       |     1 ||     1
Armor: Leather armour    |    10 |       ||    10
       Ring mail         |    41 |    27 ||    68
Dodge: Dodged            |   103 |    47 ||   150

Table legend: (Time is in decaauts)
 A = Elapsed time spent in this place.
 B = Non-inter-level travel time spent in this place.
 C = Inter-level travel time spent in this place.
 D = Time resting spent in this place.
 E = Time spent auto-exploring this place.
 F = Levels seen in this place.
 G = Mean time per level.
                   A        B        C        D        E       F      G
               +--------+--------+--------+--------+--------+-----+--------+
         Total |   1539 |    632 |    907 |      0 |      0 |   3 |  513.0 |
       Dungeon |   1539 |    632 |    907 |      0 |      0 |   3 |  513.0 |
               +--------+--------+--------+--------+--------+-----+--------+

Top non-repeatable levels by time:
     D:1: 815 daAuts
     D:2: 688 daAuts
     D:3: 35 daAuts
